 Dungeon Crawl Stone Soup version 0.31-a0-152-g6aa68a64a1 (webtiles) character file.

Game seed: 12338910647987596316

140 qw the Shooter (level 5, -2/46 HPs)
             Began as a Minotaur Hunter on June 9, 2023.
             Slain by an ice beast (3 damage)
             ... on level 3 of the Dungeon.
             The game lasted 00:00:53 (2357 turns).

qw the Shooter (Minotaur Hunter)                    Turns: 2357, Time: 00:00:54

Health: -2/46      AC:  5    Str: 16    XL:     5   Next: 2%
Magic:  4/4        EV: 11    Int:  6    God:
Gold:   175        SH:  0    Dex: 15    Spells: 4/4 levels left

rFire   . . .        Y - +0 shortbow
rCold   . . .        (shield currently unavailable)
rNeg    + . .        g - +0 ring mail
rPois   .            (helmet restricted)
rElec   .            (no cloak)
rCorr   .            (no gloves)
SInv    .            (no boots)
Will    .....        (no amulet)
Stlth   +            f - ring of positive energy
HPRegen 0.27/turn    (no ring)
MPRegen 0.09/turn

%: no passive effects
@: no status effects
A: horns 2, retaliatory headbutt
a: no special abilities


You were on level 3 of the Dungeon.
You visited 1 branch of the dungeon, and saw 3 of its levels.

You collected 175 gold pieces.


Innate Abilities, Weirdness & Mutations

You have a pair of horns on your head.
You reflexively headbutt those who attack you in melee.


   Skills:
 - Level 4.0 Fighting
 + Level 6.2 Ranged Weapons
 - Level 1.0 Armour
 - Level 2.1 Dodging
 - Level 0.7 Stealth


You had 4 spell levels left.
You didn't know any spells.
Your spell library was empty.

Inventory:

Hand Weapons
 Y - a +0 shortbow (weapon)
Armour
 d - the +2 robe of the Nightingale {rN+ Str-3 Slay+5}
   (You found it on level 3 of the Dungeon)

   Str:       It affects your strength (-3).
   Slay:      It affects your accuracy & damage with ranged weapons and melee
   (+5).
   rN:        It protects you from negative energy.
 g - a +0 ring mail (worn)
Jewellery
 f - a ring of positive energy (left hand)
Scrolls
 a - 4 scrolls of identify
 b - a scroll of vulnerability {unknown}
 h - a scroll of teleportation {unknown}
Potions
 c - a potion of curing {unknown}
 e - a potion of resistance

Dungeon Overview and Level Annotations

Branches:
Dungeon (3/15)

Altars:


Message History

The adder moves out of view.
Found three items.
Enter note:
Enter note:
Enter note:
Enter note:
Enter note:
Enter note:
Enter note:
Enter note:
Enter note:
Enter note:
Enter note:
Enter note: You shoot an arrow.
The arrow hits the rat.
The rat is heavily wounded.
The rat bites you but does no damage.
You shoot an arrow.
The arrow hits the rat but does no damage.
The rat is heavily wounded.
The rat closely misses you.
You shoot an arrow. The arrow hits the rat.
You kill the rat!
You shoot an arrow. The arrow hits the ice beast!
The ice beast is moderately wounded.
The ice beast barely misses you.
The ice beast hits you but does no damage.
You shoot an arrow. The arrow hits the ice beast!
The ice beast is heavily wounded.
The ice beast hits you but does no damage.
You shoot an arrow. The arrow hits the ice beast.
The ice beast is severely wounded.
The ice beast hits you. The ice beast freezes you!
You shoot an arrow. The arrow closely misses the ice beast.
The ice beast hits you. The ice beast freezes you!
You shoot an arrow. The arrow barely misses the ice beast.
The ice beast hits you. The ice beast freezes you!
You shoot an arrow. The arrow closely misses the ice beast.
The ice beast hits you. The ice beast freezes you. The ice beast hits you.
You die...

...#
...........###
####
#########....#
#..)..#.#
....###...#
...##.##..# .
#:.[#..#
##%##..##
#)#....##
#@#####.##
#...SY#'...##.# #
#.??.##.[...#.#
..##:.###.....#.#
...####.)...([#.#
........##...##.#
.#.......#####.##
##...........##
......%..######


You could see an ice beast and an adder.

Vanquished Creatures
  An orc priest (D:3)
  2 adders
  A white imp (D:3)
  A worm (D:2)
  3 dart slugs (D:1)
  4 orcs (D:3)
  7 bats
  8 endoplasms
  3 giant cockroaches
  6 goblins
  5 hobgoblins
  10 kobolds
  4 quokkas
  5 ball pythons
  5 frilled lizards
  5 rats
70 creatures vanquished.

Notes
Turn   | Place    | Note
-------+----------+-------------------------------------------
     0 | D:1      | qw the Minotaur Hunter began the quest for the Orb.
     0 | D:1      | Reached XP level 1. HP: 18/18 MP: 0/0
     0 | D:1      | 0 ||| qw: Version: 0.2-a-122-g1db1318
     0 | D:1      | 0 ||| qw: Game counter: 3242
     0 | D:1      | 0 ||| qw: Always use a shield: true
     0 | D:1      | 0 ||| qw: God list: Okawaru
     0 | D:1      | 0 ||| qw: Allow faded altars: false
     0 | D:1      | 0 ||| qw: Do Orc after D:15 true
     0 | D:1      | 0 ||| qw: Do second Lair branch before Depths: true
     0 | D:1      | 0 ||| qw: Lair rune preference: random
     0 | D:1      | 0 ||| qw: Plans: Normal
     0 | D:1      | 0 ||| PLANNING D:1-11
    48 | D:1      | Reached XP level 2. HP: 25/25 MP: 1/1
    75 | D:1      | Reached skill level 5 in Ranged Weapons
   538 | D:1      | Reached skill level 3 in Fighting
   695 | D:1      | Reached XP level 3. HP: 31/31 MP: 2/2
   963 | D:1      | 963 ||| READING 5 scrolls labelled WEAWEEBRUCS.
   964 | D:1      | 964 ||| READING 4 scrolls of identify.
   964 | D:1      | 964 ||| IDENTIFYING fuming silvery potion
   965 | D:1      | 965 ||| READING 3 scrolls of identify.
   965 | D:1      | 965 ||| IDENTIFYING black potion
   966 | D:1      | 966 ||| DROPPING scroll of butterflies.
   967 | D:1      | 967 ||| DROPPING potion of ambrosia.
  1065 | D:2      | 1065 ||| FLEEEEING.
  1066 | D:2      | 1066 ||| FLEEEEING.
  1067 | D:2      | 1067 ||| FLEEEEING.
  1068 | D:2      | 1068 ||| FLEEEEING.
  1071 | D:2      | 1071 ||| FLEEEEING.
  1074 | D:2      | 1074 ||| FLEEEEING.
  1075 | D:2      | 1075 ||| FLEEEEING.
  1080 | D:2      | 1080 ||| STAIRDANCE
  1107 | D:1      | 1107 ||| DROPPING scarf of shadows.
  1108 | D:1      | 1108 ||| READING scroll labelled HUUR UTODE.
  1516 | D:2      | 1516 ||| FLEEEEING.
  1630 | D:2      | Reached XP level 4. HP: 38/38 MP: 3/3
  1689 | D:2      | Reached skill level 6 in Ranged Weapons
  1715 | D:2      | 1715 ||| UPGRADING to +0 ring mail.
  1725 | D:2      | 1725 ||| DROPPING +0 leather armour.
  1726 | D:2      | 1726 ||| UPGRADING to ring of positive energy.
  1727 | D:2      | 1727 ||| READING scroll labelled DEFYIRHULA.
  1728 | D:2      | 1728 ||| READING scroll labelled BUDUAMMOD.
  2119 | D:3      | Reached skill level 1 in Armour
  2315 | D:3      | Identified the +2 robe of the Nightingale {rN+ Str-3
                  | Slay+5}
  2333 | D:3      | Reached XP level 5. HP: 46/46 MP: 4/4
  2348 | D:3      | Noticed an ice beast
  2356 | D:3      | HP: 9/46 [ice beast (11)]
  2357 | D:3      | HP: 1/46 [ice beast (6)]
  2357 | D:3      | Slain by an ice beast

Levels and vault maps discovered:
D:1:      erik_arrival_cave_to_civilisation [erik_arrival_cave_to_hall],
          layout_basic
D:2:      layout_loops_cross
D:3:      layout_basic, minmay_joined_circles

Skill      XL: |  1  2  3  4 |
---------------+-------------+-----
Ranged Weapons | 5 6 |  6.2
Fighting       | 3 4 |  4.0
Armour         | 1 |  1.0
Dodging        | |  2.1
Stealth        | |  0.7

Action                     |  1- 3 |  4- 6 || total
---------------------------+-------+-------++-------
   Fire: Shortbow          |   122 |    68 ||   190
    Use: Scroll            |     4 |     2 ||     6
 Armour: Leather armour    |     5 |       ||     5
         Ring mail         |       |    18 ||    18
  Dodge: Dodged            |    17 |    16 ||    33

Table legend:
 A = Non-vault XP
 B = Vault XP
 C = Vault XP percentage of total XP
 D = Non-vault monster count
 E = Vault monster count
 F = Vault count percentage of total count
                 A         B        C        D         E       F
            +---------+---------+-------+---------+---------+-------
      Total |     167 |      34 |  16.9 |      57 |      13 |  18.6
            +---------+---------+-------+---------+---------+-------
        D:1 |      47 |       5 |   9.6 |      26 |       2 |   7.1
        D:2 |      51 |       0 |   0.0 |      21 |       0 |   0.0
        D:3 |      69 |      29 |  29.6 |      10 |      11 |  52.4
            +---------+---------+-------+---------+---------+-------
